 Dungeon Crawl Stone Soup version 0.29-a0-275-g389c0b56f3 (webtiles) character file.

Game seed: 7086774979005524717

12415 Murumi the Fighter (level 11, -4/127 HPs)
             Began as an Ogre Gladiator on Mar 12, 2022.
             Was a Priest of Okawaru.
             Slain by a spriggan simulacrum (8 damage)
             ... in an ice cave.
             The game lasted 00:55:06 (17216 turns).

Murumi the Fighter (Ogre Gladiator)                Turns: 17216, Time: 00:55:07

Health: -4/127     AC:  8    Str: 22    XL:     11   Next: 93%
Magic:  14/14      EV: 13    Int: 11    God:    Okawaru [***...]
Gold:   631        SH:  0    Dex: 16    Spells: 10/10 levels left

rFire   . . .      SeeInvis .   n - +4 flail (drain)
rCold   + . .      Faith    .   (no shield)
rNeg    . . .      Spirit   .   b - +0 robe
rPois   .          Reflect  .   c - +2 hat
rElec   .          Harm     .   k - +2 cloak
rCorr   .          Rampage  .   (gloves unavailable)
Will    +....                   (boots unavailable)
Stlth   ++........              l - amulet of the acrobat
HPRegen 0.31/turn               i - ring of protection from cold
MPRegen 0.14/turn               B - +6 ring of dexterity

@: on berserk cooldown, hasted and slowed
A: large, unfitting armour, tough skin 1
a: Renounce Religion, Heroism


You were in an ice cave.
You worshipped Okawaru.
Okawaru was most pleased with you.
You visited 2 branches of the dungeon, and saw 13 of its levels.
You also visited: Sewer and Ice Cave.

You collected 671 gold pieces.
You spent 40 gold pieces at shops.

Inventory:

Hand Weapons
 n - a +4 flail of draining (weapon)
 r - a +1 whip of flaming
 z - a +0 giant spiked club of freezing
Missiles
 d - 21 poisoned darts
 e - a large rock
 f - 296 stones (quivered)
 h - 12 boomerangs
 j - 6 javelins
 L - 3 throwing nets
 M - a curare-tipped dart
Armour
 b - a +0 robe (worn)
 c - a +2 hat (worn)
 k - a +2 cloak (worn)
Jewellery
 i - a ring of protection from cold (left hand)
 l - an amulet of the acrobat (around neck)
 y - a ring of resist corrosion
 B - a +6 ring of dexterity (right hand)
Wands
 t - a wand of flame (42)
 C - a wand of paralysis (12)
 K - a wand of iceblast (5)
Scrolls
 g - 8 scrolls of teleportation
 q - 4 scrolls of magic mapping
 v - 2 scrolls of blinking
 D - 6 scrolls of fog
 H - a scroll of brand weapon
 I - 2 scrolls of fear
 J - a scroll of enchant armour
Potions
 m - a potion of mutation
 o - a potion of attraction
 p - a potion of flight
 s - 2 potions of heal wounds
 u - 6 potions of curing
 w - a potion of resistance {unknown}
 x - 4 potions of brilliance
 A - 2 potions of ambrosia
 E - 2 potions of haste
 F - a potion of invisibility
 G - a potion of magic {unknown}


   Skills:
 - Level 13.0 Fighting
 - Level 8.0 Maces & Flails
 - Level 9.0 Throwing
 - Level 3.0 Armour
 + Level 7.0 Dodging
 - Level 3.0 Stealth
 - Level 5.0 Invocations
 - Level 3.0 Evocations


You had 10 spell levels left.
You didn't know any spells.
Your spell library contained the following spells:

 Spells                   Type           Power      Damage    Failure   Level
 Apportation              Tloc           0%         N/A       34%         1
 Stone Arrow              Conj/Erth      0%         3d7       71%         3
 Passage of Golubria      Tloc           0%         N/A       98%         4
 Alistair's Intoxication  Tmut/Pois      0%         N/A       100%        5
 Silence                  Hex/Air        0%         N/A       100%        5
 Lehudib's Crystal Spear  Conj/Erth      0%         10d2      100%        8
 Animate Armour           Summ/Erth      Unusable   N/A       N/A         4

Dungeon Overview and Level Annotations

Branches:
Dungeon (12/15)            Temple (1/1) D:5            Lair (0/6) D:8
  Sewer (visited)           IceCv (1/1)
    Orc: D:9-12

Altars:
Ashenzari
Cheibriados
Dithmenos
Elyvilon
Fedhas
Gozag
Hepliaklqana
Kikubaaqudgha
Makhleb
Nemelex Xobeh
Okawaru
Qazlal
Ru
Sif Muna
Trog
Uskayaw
Vehumet
Wu Jian
Xom
Yredelemnul
Zin
The Shining One
Lugonu

Shops:
D:2 [   D:4 (   D:6 [!*(   D:12 !

Annotations:
D:4 2 transporters, Zigma's ghost, novice DrTm


Innate Abilities, Weirdness & Mutations

You are too large for most types of armour.
You have tough skin. (AC +1)


Message History

The ice devil is moderately wounded.
The ice devil barely misses you.
You hit the ice devil.
The ice devil is moderately wounded.
You hit the ice devil.
The ice devil is heavily wounded.
The ice devil hits you.
* * * LOW HITPOINT WARNING * * *
The ice devil freezes you! You resist.
* * * LOW HITPOINT WARNING * * *
You barely miss the ice devil.
The ice devil is heavily wounded.
You sock the ice devil!
The ice devil is severely wounded.
The ice devil hits you.
* * * LOW HITPOINT WARNING * * *
The ice devil freezes you! You resist.
* * * LOW HITPOINT WARNING * * *
You hit the ice devil.
The ice devil is almost dead.
You closely miss the ice devil.
The ice devil is almost dead.
The ice devil closely misses you.
You thump the ice devil!
You kill the ice devil!
Okawaru is honoured by your kill.
Base training target 8.0 for Maces & Flails reached!
Your base Maces & Flails skill increases to level 8!
You need to enable at least one skill for training.
You feel a strong urge to attack something.
You are no longer berserk.
You are exhausted.
You feel yourself slow down.
You feel like a meek peon again.
You feel yourself speed up.
The spriggan simulacrum attacks as you move away!
The spriggan simulacrum hits you.
* * * LOW HITPOINT WARNING * * *
The spriggan simulacrum freezes you! You resist.
You die...

# #### ###### #Z
###...##≈≈≈#≈ .2Z
##..##..≈#≈≈≈≈ Z.Z.
#..#####.≈≈#≈# #4Z..
########..#....#####
#ZZ.##ZZ@##...#..#.....##
#(()##...#########.⌠.#
########## #.[.# #####


You could see a wolf simulacrum and a spriggan simulacrum.

Vanquished Creatures
  A reaper (IceCv)
  Harold (D:11)
  An ice statue (IceCv)
  An ice devil (IceCv)
  A komodo dragon (D:8)
  A troll (D:11)
  2 wyverns
  24 yaks
  4 steam dragons
  2 harpy simulacra (IceCv)
  2 vampire mosquitoes (D:8)
  A death yak simulacrum (IceCv)
  Edmund (D:5)
  Menkaure (D:4)
  A water moccasin (D:6)
  3 sky beasts
  2 orc warriors
  3 ice beasts
  3 ogres
  4 centaurs
  5 phantoms
  Blork the orc (D:5)
  2 kobold brigands (D:9)
  2 necrophages
  6 bullfrogs
  3 two-headed ogre simulacra
  5 scorpions
  9 howler monkeys
  3 electric eels (D:6)
  2 elephant simulacra (IceCv)
  5 jellies
  Crazy Yiuf (D:3)
  2 orc priests
  2 gnoll shamans
  2 hounds
  9 iguanas
  Terence (D:2)
  7 orc wizards
  3 spriggan simulacra
  A troll simulacrum (IceCv)
  A wolf simulacrum (IceCv)
  Robin (D:4)
  16 adders
  13 gnolls
  4 naga simulacra
  5 river rats
  3 shadow imps
  2 white imps
  3 ufetubi
  4 worms
  5 dart slugs
  28 orcs
  7 endoplasms
  3 giant cockroaches
  20 goblins
  13 hobgoblins
  5 quokkas
  16 ball pythons
  7 bats
  3 frilled lizards (Sewer)
  19 kobolds
  34 rats
342 creatures vanquished.

Vanquished Creatures (others)
  An adder (D:6)
  36 plants
37 creatures vanquished.

Grand Total: 379 creatures vanquished

Notes
Turn   | Place    | Note
-------+----------+-------------------------------------------
     0 | D:1      | Murumi the Ogre Gladiator began the quest for the Orb.
     0 | D:1      | Reached XP level 1. HP: 22/22 MP: 1/1
   138 | D:1      | Reached skill level 3 in Fighting
   245 | D:1      | Reached XP level 2. HP: 31/31 MP: 2/2
   838 | D:1      | Reached XP level 3. HP: 38/39 MP: 3/3
  1233 | D:1      | Reached skill level 4 in Fighting
  1507 | D:2      | Found a faded altar of an unknown god.
  1669 | D:2      | Reached skill level 1 in Armour
  2013 | D:2      | Found Nunux's Armour Shop.
  2052 | D:2      | Reached skill level 1 in Stealth
  2052 | D:2      | Reached XP level 4. HP: 48/48 MP: 4/4
  2156 | D:2      | Noticed Terence
  2171 | D:2      | Killed Terence
  2398 | D:3      | Reached skill level 5 in Fighting
  2547 | D:3      | Reached XP level 5. HP: 55/57 MP: 5/5
  2676 | D:3      | Reached skill level 1 in Evocations
  3222 | D:3      | Found a runed translucent door.
  3223 | D:3      | Noticed Crazy Yiuf
  3530 | D:3      | Killed Crazy Yiuf
  3531 | D:3      | Reached skill level 6 in Fighting
  3531 | D:3      | Reached XP level 6. HP: 50/67 MP: 6/6
  3703 | D:4      | Found Atid's Antique Weapon Emporium.
  3715 | D:4      | Noticed a yak
  3725 | D:4      | Noticed a yak
  3837 | D:4      | Noticed Menkaure
  3846 | D:4      | Killed Menkaure
  3994 | D:4      | Reached skill level 7 in Fighting
  4004 | D:4      | Reached XP level 7. HP: 63/78 MP: 7/7
  4221 | D:4      | Reached skill level 8 in Fighting
  4246 | D:4      | Noticed a yak
  4260 | D:4      | Noticed a yak
  4266 | D:3      | Killed a yak
  4316 | D:4      | Noticed a yak
  4316 | D:4      | Noticed a yak
  4529 | D:4      | Noticed Robin
  4541 | D:4      | Killed Robin
  4572 | D:4      | Found a transporter.
  4574 | D:4      | Noticed Zigma's ghost (novice DrTm)
  4610 | D:4      | Found a white marble altar of Elyvilon.
  4611 | D:4      | Found a bloodstained altar of Trog.
  4613 | D:4      | Found a snail-covered altar of Cheibriados.
  4617 | D:4      | Found a burning altar of Makhleb.
  4618 | D:4      | Found an ancient bone altar of Kikubaaqudgha.
  4620 | D:4      | Found a sparkling altar of Nemelex Xobeh.
  4620 | D:4      | Found a sacrificial altar of Ru.
  4621 | D:4      | Found a shimmering altar of Xom.
  4667 | D:4      | Found a shadowy altar of Dithmenos.
  4670 | D:4      | Found a glowing silver altar of Zin.
  4671 | D:4      | Found an opulent altar of Gozag.
  4786 | D:4      | Reached XP level 8. HP: 73/88 MP: 8/8
  4888 | D:4      | Found a transporter.
  4931 | D:4      | Killed a yak
  4932 | D:4      | Reached skill level 5 in Throwing
  4939 | D:4      | Killed a yak
  4940 | D:4      | Reached skill level 9 in Fighting
  4943 | D:4      | Killed a yak
  4946 | D:4      | Killed a yak
  4954 | D:4      | Killed a yak
  4955 | D:4      | Reached skill level 5 in Maces & Flails
  5352 | D:5      | Entered Level 5 of the Dungeon
  5414 | D:5      | Found a glowing drain.
  5420 | Sewer    | Entered a sewer
  5550 | Sewer    | Reached XP level 9. HP: 92/98 MP: 9/9
  5808 | Sewer    | Reached skill level 5 in Dodging
  6460 | D:5      | Noticed Blork the orc
  6484 | D:5      | Killed Blork the orc
  6906 | D:5      | Reached skill level 10 in Fighting
  7097 | D:5      | Noticed Edmund
  7117 | D:5      | Killed Edmund
  7777 | D:5      | Found a staircase to the Ecumenical Temple.
  7785 | Temple   | Entered the Ecumenical Temple
  8042 | D:5      | Reached skill level 11 in Fighting
  8197 | D:5      | Reached XP level 10. HP: 99/113 MP: 10/10
  8307 | D:6      | Found Lygocs's Weapon Boutique.
  9793 | D:6      | Reached skill level 12 in Fighting
 10263 | D:6      | Found a glowing golden altar of the Shining One.
 10279 | D:6      | Found Tinuemocu's Distillery.
 10290 | D:6      | Bought a potion of degeneration for 12 gold pieces
 10318 | D:6      | Found Woigh's Antique Armour Emporium.
 10494 | D:6      | Found a basalt altar of Yredelemnul.
 10496 | D:6      | Noticed a profane servitor
 10639 | D:6      | Found Ilesch's General Store.
 10642 | D:6      | Bought a scroll of identify for 28 gold pieces
 11917 | D:7      | Found a hazy altar of Hepliaklqana.
 12260 | D:8      | Noticed a +0 hand axe
 12261 | D:8      | Found a hide-covered altar of Uskayaw.
 12262 | D:8      | Noticed a +0 hand axe
 12832 | D:8      | Found a staircase to the Lair.
 12934 | D:8      | Identified the +12 short sword "Jischelau" {elec, rPois
                  | rN+}
 12969 | D:8      | Found an iron altar of Okawaru.
 12975 | D:8      | Became a worshipper of Warmaster Okawaru
 13045 | D:8      | Reached XP level 11. HP: 81/123 MP: 11/11
 14169 | D:8      | Reached * piety under Okawaru
 14170 | D:8      | Reached skill level 5 in Invocations
 15728 | D:10     | Entered Level 10 of the Dungeon
 15740 | D:10     | Reached ** piety under Okawaru
 15862 | D:10     | You fall into a shaft and drop 2 floors!
 15862 | D:12     | Found Qeume's Distillery.
 15874 | D:11     | Noticed Harold
 15899 | D:11     | Killed Harold
 15900 | D:11     | Reached skill level 13 in Fighting
 16125 | D:11     | Found a frozen archway.
 16152 | IceCv    | Entered an ice cave
 16614 | IceCv    | Identified the +1 pair of gloves of Daffodils {rPois}
 17009 | IceCv    | Reached *** piety under Okawaru
 17140 | IceCv    | Noticed a reaper
 17203 | IceCv    | Killed a reaper
 17203 | IceCv    | Received a gift from Okawaru
 17209 | IceCv    | HP: 7/190 [ice devil (11)]
 17216 | IceCv    | HP: 4/127 [spriggan simulacrum (2)]
 17216 | IceCv    | Slain by a spriggan simulacrum

Illustrated notes

Levels and vault maps discovered:
D:1:      dpeg_arrival_rooms_b, layout_basic, minmay_octomino_c4
D:2:      layout_loops_cross, serial_shops, nicolae_lakefront_shop,
          hellmonk_ecumenical_altar_run_dry, dreamdust_princess_bridge,
          uniq_terence
D:3:      layout_loops_ring, minmay_goblin_kobold_house, uniq_crazy_yiuf_cottage
D:4:      layout_cave_pools, nicolae_overflow_hallway_of_the_gods,
          gammafunk_ghost_stat_death, serial_shops, shop, uniq_menkaure,
          uniq_robin
D:5:      minmay_razor_zed, layout_loops_corners, minmay_temple_entry_tees,
          lightli_sewer_entry_pipes, uniq_edmund, uniq_blork_the_orc
D:6:      layout_basic, grunt_temple_overflow_holy_war, serial_shops,
          nicolae_shop_statue_plus, shop_statue, kennysheep_mini,
          nicolae_shop_hallway_plus, serial_bayou_lake_a
D:7:      layout_cave_pools, worldfamousw_hep_ancestral_shrine,
          serial_column_ruins, column_ruins_hut, column_ruins_hut_ruined,
          column_ruins_grid_1, column_ruins_corridor_dead_end,
          column_ruins_grid_3, column_ruins_open_medium
D:8:      layout_cave_pods, dancing_weapons_uskayaw, general_overflow_altar,
          david_lair_shrubbed, hangedman_abyss_or_decor_passed
D:9:      layout_gridville
D:10:     minmay_the_grid_plus [minmay_the_grid_pillar_ring,
          minmay_the_grid_large_cup, minmay_the_grid_spin_star,
          minmay_the_grid_diamond_grid, minmay_the_grid_prize_four_corners],
          layout_layer_cave
D:11:     layout_roguey, portal_ice_cave_entry_ice_simulacra, hex_tiny,
          dreamdust_princess_corridor, nemelex_diamond_rough_becter, uniq_harold
D:12:     layout_basic, orc_0_dummy, serial_shops, shop, nicolae_stop_n_shop_2,
          nicolae_shop_statue_plus, shop_statue, shop, uniq_maurice
Temple:   corrupted_temple
IceCv:    ice_cave_caverns_03

Skill      XL: |  1  2  3  4  5  6  7  8  9 10 11 |
---------------+----------------------------------+-----
Fighting       | 3 4 5 6 7 8 9 11 12 13 | 13.0
Maces & Flails | 3 4 5 6 7 8 |  8.0
Dodging        | 3 4 5 7 |  7.0
Armour         | 1 2 3 |  3.0
Stealth        | 1 2 3 |  3.0
Throwing       | 3 4 5 7 8 9 |  9.0
Evocations     | 1 2 3 |  3.0
Invocations    | 5 |  5.0

Action                   |  1- 3 |  4- 6 |  7- 9 | 10-12 || total
-------------------------+-------+-------+-------+-------++-------
Melee: Flail             |    48 |       |    49 |   399 ||   496
       Whip              |    88 |   143 |   338 |       ||   569
       Punch             |     1 |     1 |     6 |     2 ||    10
Throw: Stone             |    73 |    56 |   135 |   313 ||   577
       Throwing net      |       |     5 |       |       ||     5
       Dart              |       |     7 |    11 |     1 ||    19
       Large rock        |       |       |     1 |     1 ||     2
       Boomerang         |       |       |     6 |    12 ||    18
       Javelin           |       |       |     2 |    10 ||    12
Invok: Heroism           |       |       |       |     1 ||     1
Evoke: Wand              |       |     5 |     2 |       ||     7
  Use: Scroll            |     9 |     3 |    13 |     6 ||    31
       Potion            |       |       |     3 |     4 ||     7
 Stab: Distracted        |     1 |       |       |       ||     1
       Sleeping          |       |     3 |     5 |     5 ||    13
Armor: Robe              |    69 |    27 |   111 |   115 ||   322
Dodge: Dodged            |    72 |    51 |   217 |   341 ||   681

Table legend: (Time is in decaauts)
 A = Elapsed time spent in this place.
 B = Non-inter-level travel time spent in this place.
 C = Inter-level travel time spent in this place.
 D = Time resting spent in this place.
 E = Time spent auto-exploring this place.
 F = Levels seen in this place.
 G = Mean time per level.
                   A        B        C        D        E       F      G
               +--------+--------+--------+--------+--------+-----+--------+
         Total |  17221 |  16107 |   1114 |   1018 |  12423 |  15 | 1148.1 |
       Dungeon |  15622 |  14522 |   1100 |    724 |  11453 |  12 | 1301.8 |
        Temple |     39 |     26 |     13 |      0 |     20 |   1 |   39.0 |
         Sewer |    505 |    505 |      0 |      0 |    308 |   1 |  505.0 |
      Ice Cave |   1054 |   1054 |      0 |    293 |    642 |   1 | 1054.0 |
               +--------+--------+--------+--------+--------+-----+--------+

Top non-repeatable levels by time:
     D:5: 3245 daAuts
     D:6: 2306 daAuts
     D:8: 1919 daAuts
     D:9: 1674 daAuts
     D:3: 1668 daAuts
     D:1: 1368 daAuts
     D:4: 1209 daAuts
     D:2: 1105 daAuts
   IceCv: 1054 daAuts
     D:7: 720 daAuts
   Sewer: 505 daAuts
    D:11: 279 daAuts
    D:10: 118 daAuts
  Temple: 39 daAuts
    D:12: 6 daAuts
